 Dungeon Crawl Stone Soup version 0.22-b1-21-g5cfc168 (webtiles) character file.

130 goulibeur the Distorting Demonspawn (level 4, -5/36 HPs)
             Began as a Demonspawn Abyssal Knight on Aug 3, 2018.
             Was a Believer of Lugonu.
             Killed from afar by an orc wizard (10 damage)
             ... with a magic dart
             ... on level 3 of the Dungeon.
             The game lasted 00:06:28 (2167 turns).

goulibeur the Distorting Demonspawn (DsAK)          Turns: 2167, Time: 00:06:29

Health: -5/36      AC:  6    Str: 13    XL:     4   Next: 90%
Magic:  7/7        EV:  9    Int: 13    God:    Lugonu [**....]
Gold:   156        SH:  0    Dex: 13    Spells: 3/3 levels left

rFire    . . .     SeeInvis .   v - +0 war axe
rCold    . . .     Gourm    .   (no shield)
rNeg     . . .     Faith    .   n - +0 scale mail
rPois    .         Spirit   .   (helmet restricted)
rElec    .         Reflect  .   (no cloak)
rCorr    .         Harm     .   (no gloves)
MR       .....                  (no boots)
Stlth    ..........             (no amulet)
HPRegen  0.12/turn              (no ring)
MPRegen  0.10/turn              (no ring)

@: confused
A: claws 2, horns 1
a: Depart the Abyss, Bend Space, Renounce Religion


You were on level 3 of the Dungeon.
You worshipped Lugonu.
Lugonu was pleased with you.
You were not hungry.

You visited 1 branch of the dungeon, and saw 3 of its levels.
You visited the Abyss 1 time.

You collected 156 gold pieces.

Inventory:

Hand Weapons
 a - a +1 short sword
 v - a +0 war axe (weapon)
Armour
 b - a +0 leather armour
 f - a +0 ring mail
 n - a +0 scale mail (worn)
Jewellery
 m - an uncursed ring of fire {unknown}
Scrolls
 h - a scroll of blinking {unknown}
 i - a scroll of magic mapping {unknown}
 k - 4 scrolls of identify {unknown}
 o - a scroll of fear {unknown}
 p - 4 scrolls of remove curse {unknown}
 q - a scroll of amnesia {unknown}
 r - a scroll of enchant weapon {unknown}
 u - a scroll of immolation {unknown}
Potions
 e - a potion of curing {unknown}
 g - a potion of haste {unknown}
 j - a potion of magic {unknown}
 l - a potion of agility {unknown}
 s - a potion of brilliance {unknown}
 t - a potion of lignification {unknown}
Comestibles
 c - 3 rations


   Skills:
 + Level 3.6 Fighting
 - Level 1.7 Short Blades
 + Level 2.5 Armour
 + Level 1.9 Dodging
 * Level 4.7 Invocations


You had 3 spell levels left.
You didn't know any spells.
Your spell library was empty.

Dungeon Overview and Level Annotations

Branches:
Dungeon (3/15)

Altars:
Makhleb


Innate Abilities, Weirdness & Mutations

You have very sharp fingernails.
You have a pair of small horns on your head.


Message History

You hear some strange, mumbled words.
You are more confused.
You closely miss something. You headbutt something.
Something hits you but does no damage.
You closely miss something.
Something hits you but does no damage. x2
You miss something. Your headbutt misses something.
You feel sick.
You hear some strange, mumbled words.
You are more confused.
You're too confused to move!
Something hits you.
* * * LOW HITPOINT WARNING * * *
You completely miss something.
Something hits you but does no damage. x2
You completely miss something.
You feel sick.
You are no longer poisoned.
Something hits you.
* * * LOW HITPOINT WARNING * * *
You bump into the rock wall.
You hear some strange, mumbled words.
A magic dart appears from out of thin air!
The magic dart hits you!
You die...

###########
#.........#
#.#######.# #.#
#.# #.# #.## #.#
#..# #.# ##.# #.#
#.# #@# #.# #{#
#.# #o# #.# ##o#
#.# #..# #)##
#.^....##.##
#..##
#......##)####
##..#
#......##.##∩##
##...#
##......##.#._.##
#....#


You could see 2 orcs.

Vanquished Creatures
  2 hounds
  A worm (D:3)
  2 dart slugs
  A leopard gecko (D:2)
  An orc (D:3)
  10 bats
  5 giant cockroaches
  3 hobgoblins
  8 kobolds
  A quokka (D:2)
  2 ball pythons
  6 frilled lizards
  14 goblins
  3 rats
59 creatures vanquished.

Notes
Turn   | Place    | Note
-------+----------+-------------------------------------------
     0 | Abyss:1  | goulibeur the Demonspawn Abyssal Knight began the quest for the Orb.
     0 | Abyss:1  | Reached XP level 1. HP: 18/18 MP: 2/2
    45 | D:1      | Escaped the Abyss
    77 | D:1      | Reached * piety under Lugonu
    77 | D:1      | Reached skill level 1 in Dodging
   219 | D:1      | Gained mutation: You have sharp fingernails. [demonic ancestry]
   219 | D:1      | Reached XP level 2. HP: 24/24 MP: 4/4
   236 | D:1      | Reached skill level 3 in Invocations
  1090 | D:2      | Gained mutation: You have a pair of small horns on your head. [demonic ancestry]
  1090 | D:2      | Reached XP level 3. HP: 26/29 MP: 5/5
  1263 | D:2      | Reached skill level 4 in Invocations
  1265 | D:2      | Reached ** piety under Lugonu
  1285 | D:2      | Gained mutation: You have very sharp fingernails. [demonic ancestry]
  1285 | D:2      | Reached XP level 4. HP: 30/35 MP: 7/7
  2062 | D:3      | Found a burning altar of Makhleb.
  2167 | D:3      | Killed from afar by an orc wizard

Skill      XL: |  1  2  3 |
---------------+----------+-----
Dodging        | 1 |  1.9
Invocations    | 3 4 |  4.7
Armour         | 2 |  2.5
Fighting       | |  3.6
Short Blades   | |  1.7

Action                   |  1- 3 |  4- 6 || total
-------------------------+-------+-------++-------
Melee: Short sword       |   110 |    44 ||   154
       Headbutt          |     2 |    18 ||    20
       War axe           |       |    42 ||    42
Invok: Depart the Abyss  |     1 |       ||     1
  Eat: Chunk             |     1 |     3 ||     4
Armor: Leather armour    |     8 |       ||     8
       Ring mail         |     9 |       ||     9
       Scale mail        |    28 |    38 ||    66
Dodge: Dodged            |    48 |    39 ||    87
